 Dungeon Crawl Stone Soup version 0.30.0-10-gfe55d96785 (webtiles) character file.

Game seed: 4077184674286347066

4720 growler the Martial Artist (level 10, -5/92 HPs)
             Began as a Merfolk Transmuter on May 14, 2023.
             Was a Follower of Wu Jian.
             Slain by a vampire (6 damage)
             ... on level 9 of the Dungeon.
             The game lasted 00:26:32 (8513 turns).

growler the Martial Artist (Merfolk Transmuter)     Turns: 8513, Time: 00:26:33

Health: -5/92      AC:  6    Str: 12    XL:     10   Next: 45%
Magic:  15/16      EV: 12    Int: 14    God:    Wu Jian [*.....]
Gold:   505        SH:  0    Dex: 16    Spells: 7/17 levels left

rFire   x .          .
                       - Unarmed
rCold   + + +        (shield currently unavailable)
rNeg    . . .        q - melded +0 steam dragon scales
rPois   +            z - melded +2 helmet
rElec   .            (cloak currently unavailable)
rCorr   .            (gloves currently unavailable)
SInv    .            (boots currently unavailable)
Will    .....        (no amulet)
Stlth   +++          v - ring of poison resistance
HPRegen 0.35/turn    (no ring)
MPRegen 0.15/turn

%: no passive effects
@: ice-form
A: freezing attack, boosted hp, large, (nimble swimmer 2), (mertail)
a: End Transformation, Renounce Religion


You were on level 9 of the Dungeon.
You worshipped Wu Jian.
Wu Jian was aware of your devotion.
You were a creature of crystalline ice.
You visited 2 branches of the dungeon, and saw 10 of its levels.

You collected 505 gold pieces.

Inventory:

Armour
 a - a +0 robe
 q - +0 steam dragon scales (melded)
 z - a +2 helmet (melded)
Jewellery
 v - a ring of poison resistance (left front paw)
Wands
 y - a wand of paralysis (10)
Scrolls
 c - 3 scrolls of teleportation
 e - 4 scrolls of fear
 g - 3 scrolls of blinking
 i - a scroll of amnesia
 l - 2 scrolls of brand weapon {unknown}
 m - a scroll of poison
 p - a scroll of fog {unknown}
 r - 3 scrolls of vulnerability
 s - a scroll of acquirement {unknown}
 u - a scroll of noise
 w - a scroll of torment {unknown}
 C - a scroll of enchant weapon {unknown}
Potions
 b - a potion of lignification
 d - a potion of attraction
 h - 2 potions of degeneration {unknown}
 j - a potion of cancellation
 k - 2 potions of heal wounds {unknown}
 n - 4 potions of might {unknown}
 o - 5 potions of mutation
 t - 4 potions of brilliance
 x - a potion of flight


   Skills:
 + Level 6.5 Fighting
 + Level 6.2 Dodging
 + Level 4.8 Stealth
 + Level 11.8 Unarmed Combat
 - Level 4.0 Spellcasting
 - Level 6.0 Transmutations
 - Level 4.0 Ice Magic


You had 7 spell levels left.
You knew the following spells:

 Your Spells              Type           Power      Damage    Failure   Level
a - Beastly Appendage     Tmut           38%        N/A       1%          1
b - Wereblood             Tmut           19%        N/A       2%          2
c - Spider Form           Tmut/Pois      11%        N/A       17%         3
d - Ice Form              Ice/Tmut       16%        N/A       24%         4

Your spell library contained the following spells:

 Spells                   Type           Power      Damage    Failure   Level
 Passwall                 Tmut/Erth      9%         N/A       9%          2
 Ensorcelled Hibernation  Hex/Ice        16%        N/A       13%         2
 Apportation              Tloc           4%         N/A       19%         1
 Necrotise                Necr           8%         1d4       19%         1
 Summon Small Mammal      Summ           8%         N/A       19%         1
 Sublimation of Blood     Necr           2%         N/A       28%         2
 Call Canine Familiar     Summ           2%         N/A       50%         3
 Summon Guardian Golem    Hex/Summ       2%         N/A       50%         3
 Swiftness                Air            2%         N/A       50%         3
 Vampiric Draining        Necr           2%         2d6       50%         3
 Petrify                  Tmut/Erth      11%        N/A       50%         4
 Irradiate                Conj/Tmut      5%         3d13      83%         5
 Agony                    Necr           2%         N/A       99%         5


Dungeon Overview and Level Annotations

Branches:
Dungeon (9/15)             Temple (1/1) D:6
   Lair: D:8-11         Orc: D:9-12

Altars:
Elyvilon
Fedhas
Gozag
Hepliaklqana
Kikubaaqudgha
Makhleb
Nemelex Xobeh
Ru
Sif Muna
Uskayaw
Wu Jian
Xom
Yredelemnul
Zin

Shops:
D:2 [   D:9 *


Innate Abilities, Weirdness & Mutations

You are a creature of crystalline ice.
You have a powerful freezing melee attack.
Your maximum health is increased.
Your armour is entirely melded.
You are incapable of wielding weapons or throwing items.
((You are very nimble when in or above water. (Stealth+, EV+, Speed+++)))
((Your lower body shifts to a powerful aquatic tail in water.))


Message History

You kill the killer bee!
The Council accepts your kill.
You feel sick.
You are no longer poisoned.
You punch the killer bee! You freeze the killer bee.
You kill the killer bee!
The Council accepts your kill. Something hits you! Something bites you.
Something draws strength from your injuries!
You punch something! You freeze something. Something hits you.
Something bites you!
Something draws strength from your injuries!
You hit something but do no damage. Something hits you but does no damage.
Something completely misses you.
You hit something. Something hits you! Something bites you but does no damage.
You hit something but do no damage.
A killer bee comes into view.
Something hits you but does no damage. Something bites you.
Something draws strength from your injuries!
The killer bee buzzes angrily.
You hit something but do no damage. You hit something but do no damage.
Something hits you but does no damage. Something bites you.
* * * LOW HITPOINT WARNING * * *
Something draws strength from your injuries!
You hit something but do no damage. Something hits you.
* * * LOW HITPOINT WARNING * * *
Something bites you!
* * * LOW HITPOINT WARNING * * *
Something draws strength from your injuries!
You feel better. Something hits you.
* * * LOW HITPOINT WARNING * * *
Something bites you!
* * * LOW HITPOINT WARNING * * *
Something draws strength from your injuries!
Okay, then.
As you read the scroll of fear, it crumbles to dust.
You assume a fearsome visage.
The killer bee looks frightened!
Something hits you.
You die...

......###.####.#
...
......##.......#...
......##.#####..##
......##.........##
##
.............###...
{. #...####.###.#
#.## y# .#..# #.#
#.# #..## .# ...##
#.#
#.######..####.#
.#.#####.#
#....Y{..y...?.#
#.(#.....#
#######.##...#.#
.....#####
#.####.#.# ....##
#.# #.#.. ##### #.#
...### #+# ..).
....>. ...####


You could see a killer bee (fleeing).

Vanquished Creatures
  A two-headed ogre (D:8)
  A skeletal warrior (D:8)
  Sigmund (D:2)
  A vampire (D:7)
  A wyvern (D:8)
  2 wraiths (D:8)
  An unseen horror simulacrum (D:8)
  Eustachio (D:4)
  A steam dragon (D:8)
  A water moccasin (D:4)
  4 black bears
  An ice beast (D:5)
  An orc warrior (D:7)
  3 sky beasts
  An ogre (D:6)
  A kobold brigand (D:6)
  2 bullfrogs
  4 scorpions
  3 killer bees (D:9)
  A crimson imp (D:4)
  2 jellies (D:5)
  2 orc priests (D:7)
  A gnoll bouda (D:5)
  6 hounds
  2 iguanas (D:6)
  6 orc wizards
  A spectral killer bee (D:8)
  Robin (D:2)
  8 gnolls
  5 adders
  A shadow imp (D:6)
  2 white imps
  2 howler monkey simulacra (D:8)
  2 worms
  A dart slug (D:1)
  34 orcs
  13 endoplasms
  5 giant cockroaches
  13 goblins
  9 hobgoblins
  8 jackals
  11 kobolds
  A quokka (D:1)
  3 ball pythons
  4 bats
  3 frilled lizards
  3 rats
181 creatures vanquished.

Notes
Turn   | Place    | Note
-------+----------+-------------------------------------------
     0 | D:1      | growler the Merfolk Transmuter began the quest for the Orb.
     0 | D:1      | Reached XP level 1. HP: 15/15 MP: 3/3
   169 | D:1      | Reached XP level 2. HP: 21/21 MP: 3/5
   172 | D:1      | Learned a level 2 spell: Wereblood
   800 | D:1      | Reached XP level 3. HP: 26/26 MP: 4/6
   804 | D:1      | Learned a level 3 spell: Spider Form
  1050 | D:2      | Noticed Sigmund
  1067 | D:2      | Noticed Robin
  1070 | D:2      | Killed Sigmund
  1071 | D:2      | Reached skill level 5 in Unarmed Combat
  1071 | D:2      | Reached XP level 4. HP: 25/32 MP: 4/8
  1071 | D:2      | Reached XP level 5. HP: 29/37 MP: 4/9
  1084 | D:2      | Killed Robin
  1217 | D:2      | Learned a level 4 spell: Ice Form
  1272 | D:2      | Found Awnacyci's Antique Armour Shop.
  1302 | D:2      | Reached skill level 6 in Unarmed Combat
  1447 | D:2      | Reached XP level 6. HP: 43/43 MP: 8/10
  2389 | D:3      | Found a faded altar of an unknown god.
  2770 | D:4      | Noticed Eustachio
  2793 | D:4      | Killed Eustachio
  2794 | D:4      | Reached skill level 7 in Unarmed Combat
  2974 | D:4      | Found a burning altar of Makhleb.
  2983 | D:4      | Found an ancient bone altar of Kikubaaqudgha.
  3036 | D:4      | Noticed a water moccasin
  3061 | D:4      | Killed a water moccasin
  3062 | D:4      | Reached XP level 7. HP: 48/48 MP: 11/11
  3295 | D:4      | Reached skill level 8 in Unarmed Combat
  3635 | D:4      | You fall into a shaft and drop 1 floor!
  3635 | D:5      | Entered Level 5 of the Dungeon
  4184 | D:5      | Reached skill level 9 in Unarmed Combat
  4264 | D:5      | Reached XP level 8. HP: 47/54 MP: 7/12
  4398 | D:5      | Reached skill level 10 in Unarmed Combat
  4737 | D:5      | Reached skill level 1 in Ice Magic
  5443 | D:6      | Reached skill level 5 in Transmutations
  5520 | D:6      | Identified the +0 leather armour of Hali {rF+}
  5778 | D:6      | Found a staircase to the Ecumenical Temple.
  5786 | Temple   | Entered the Ecumenical Temple
  5803 | Temple   | Became a worshipper of the Wu Jian Council
  6102 | D:6      | Reached XP level 9. HP: 34/62 MP: 14/14
  6230 | D:6      | Found a basalt altar of Yredelemnul.
  6988 | D:7      | Reached * piety under Wu Jian
  7491 | D:8      | Reached skill level 1 in Stealth
  7491 | D:8      | Reached skill level 11 in Unarmed Combat
  7553 | D:8      | Noticed a two-headed ogre
  7727 | D:8      | Noticed a skeletal warrior
  7729 | D:8      | Reached skill level 5 in Fighting
  7745 | D:8      | Killed a skeletal warrior
  7746 | D:8      | Reached skill level 5 in Dodging
  7746 | D:8      | Reached XP level 10. HP: 43/76 MP: 14/16
  7925 | D:8      | Identified the +11 dagger "Juxag" {pain, Fragile Str+2
                  | Int+2}
  8027 | D:8      | Killed a two-headed ogre
  8366 | D:8      | Found a hazy altar of Hepliaklqana.
  8431 | D:9      | Found Kufrieze's Overcharged Wands.
  8512 | D:9      | HP: 1/92 [something (11)]
  8513 | D:9      | Slain by a vampire

Illustrated notes

Levels and vault maps discovered:
D:1:      matt_arrival_grand_opening, layout_loops_ring
D:2:      layout_basic, serial_shops, nicolae_shop_crystal, uniq_sigmund,
          uniq_robin
D:3:      layout_loops_corners, serial_glass, glass_columns_b, glass_columns_a,
          shapermc_ecumenical_altar_hornbeckon, grunt_ministairs_12,
          nrook_mini_backslash
D:4:      layout_rooms, mainiacjoe_overflow_divided_tiny, dk_noncrumbling_3,
          minmay_fire_ice_demons, uniq_eustachio
D:5:      layout_basic, serial_park_tiny_1
D:6:      layout_rooms, lemuel_round_altar, minmay_temple_entry_glassed_door,
          minivault_23
D:7:      layout_loops_cross
D:8:      layout_basic, marbit_many_paths, worldfamousw_hep_ancestral_shrine,
          dilly_guarded_unrand_morg
D:9:      layout_basic, grunt_dithmenos_shadows, nicolae_shop_overcharged_wands,
          uniq_joseph
Temple:   nicolae_temple_bog_church

Skill      XL: |  1  2  3  4  5  6  7  8  9 10 |
---------------+-------------------------------+-----
Transmutations | 3 4 5 6 |  6.0
Unarmed Combat | 5 6 7 9 10 11 | 11.8
Spellcasting   | 3 4 |  4.0
Ice Magic      | 2 4 |  4.0
Fighting       | 2 5 6 |  6.5
Dodging        | 5 6 |  6.2
Stealth        | 3 4 |  4.8

Action                     |  1- 3 |  4- 6 |  7- 9 | 10-12 || total
---------------------------+-------+-------+-------+-------++-------
  Melee: Unarmed           |    61 |   114 |   314 |    43 ||   532
         Headbutt          |     8 |     9 |    33 |     3 ||    53
         Punch             |     1 |     3 |     9 |     1 ||    14
         Tailslap          |       |       |     1 |       ||     1
   Cast: Beastly Appendage |    20 |    24 |    19 |     2 ||    65
         Spider Form       |     1 |     2 |    20 |       ||    23
         Wereblood         |       |     4 |    13 |       ||    17
         Ice Form          |       |       |     3 |     6 ||     9
Ability: Lunge             |       |       |     9 |     3 ||    12
         Whirlwind         |       |       |    11 |       ||    11
    Use: Scroll            |       |     5 |    11 |     1 ||    17
         Potion            |       |     1 |     2 |     1 ||     4
   Stab: Sleeping          |       |     1 |       |     2 ||     3
 Armour: Robe              |     8 |    11 |    20 |       ||    39
         Skin              |       |       |    12 |     9 ||    21
  Dodge: Dodged            |    34 |    73 |   201 |    26 ||   334
